 Dungeon Crawl Stone Soup version 0.25.0-26-g0c896c7088 (webtiles) character file.

Game seed: 5028023045521168689

5482 nyancat the Carver (level 10, -14/80 HPs)
             Began as a Barachi Fighter on July 2, 2020.
             Was an Initiate of Gozag.
             Blown up by an orc wizard (16 damage)
             ... with a disintegration bolt
             ... on level 8 of the Dungeon.
             The game lasted 00:24:48 (11343 turns).

nyancat the Carver (Barachi Fighter)               Turns: 11343, Time: 00:24:49

Health: -14/80     AC: 13    Str: 19    XL:     10   Next: 69%
Magic:  15/15      EV: 23    Int:  9    God:    Gozag
Gold:   482        SH: 12    Dex: 13    Spells: 9/9 levels left

rFire    . . .     SeeInvis .   a - +0 long sword
rCold    . . .     Gourm    .   c - +1 kite shield
rNeg     + . .     Faith    .   q - +2 scale mail {rPois}
rPois    +         Spirit   .   (no helmet)
rElec    .         Reflect  .   (no cloak)
rCorr    .         Harm     .   k - +0 pair of gloves
MR       .....                  i - +0 pair of boots
Stlth    ..........             v - amulet of the acrobat
HPRegen  0.23/turn              u - ring of positive energy
MPRegen  0.14/turn              (no ring)

@: acrobat, slow
A: +LOS, swims, slowness 1, strong legs 1
a: Hop, Potion Petition, Call Merchant, Bribe Branch, Renounce Religion


You were on level 8 of the Dungeon.
You worshipped Gozag.
Gozag was aware of your devotion.
You were hungry.

You visited 2 branches of the dungeon, and saw 9 of its levels.
You also visited: Ossuary.

You collected 831 gold pieces.
You spent 155 gold pieces at shops.
You paid 194 gold pieces to Gozag.

Inventory:

Hand Weapons
 a - a +0 long sword (weapon)
 m - a +4 short sword
 G - a +0 short sword of venom
 I - a +2 short sword of holy wrath
Missiles
 y - 8 boomerangs
 E - 62 poisoned darts (quivered)
Armour
 c - a +1 kite shield (worn)
 i - a +0 pair of boots (worn)
 k - a +0 pair of gloves (worn)
 q - a +2 scale mail of poison resistance (worn)
 H - +0 steam dragon scales
Jewellery
 u - a ring of positive energy (left hand)
 v - an amulet of the acrobat (around neck)
Wands
 b - a wand of flame (2)
 C - a wand of acid (4)
 J - a wand of paralysis (6)
Scrolls
 g - a scroll of magic mapping
 l - 6 scrolls of teleportation
 r - 3 scrolls of enchant weapon
 s - 2 scrolls of fear
 t - 6 scrolls of remove curse
 F - a scroll of immolation
Potions
 d - 2 potions of degeneration
 e - a potion of berserk rage
 h - 3 potions of flight {unknown}
 j - a potion of heal wounds
 n - 3 potions of brilliance
 o - 3 potions of cancellation
 p - 2 potions of haste
 w - 3 potions of might
 x - 5 potions of curing
 z - a potion of mutation
 A - a potion of ambrosia
 B - 3 potions of stabbing {unknown}
 D - a potion of lignification
Comestibles
 f - 6 rations


   Skills:
 - Level 8.3 Fighting
 - Level 9.0 Long Blades
 + Level 1.4 Throwing
 - Level 8.7 Armour
 - Level 9.0 Shields
 - Level 7.5 Evocations


You had 9 spell levels left.
You didn't know any spells.
Your spell library contained the following spells:

 Spells                   Type           Power        Failure   Level  Hunger
 Corona                   Hex            #......      92%         1    ##.....
 Slow                     Hex            #.......     98%         2    ###....
 Inner Flame              Hex/Fire       #.......     100%        3    ####...
 Portal Projectile        Hex/Tloc       #.....       100%        3    ####...
 Cause Fear               Hex            #.........   100%        4    #####..
 Leda's Liquefaction      Hex/Erth       #.........   100%        4    #####..


Dungeon Overview and Level Annotations

Branches:
Dungeon (8/15)             Temple (1/1) D:4         Ossuary (visited)
   Lair: D:8-11

Altars:
Ashenzari
Cheibriados
Dithmenos
Elyvilon
Fedhas
Gozag
Hepliaklqana
Kikubaaqudgha
Makhleb
Nemelex Xobeh
Okawaru
Qazlal
Ru
Sif Muna
Trog
Uskayaw
Vehumet
Wu Jian
Xom
Yredelemnul
Zin
The Shining One

Shops:
D:5 ?   D:7 ?


Innate Abilities, Weirdness & Mutations

You can be seen from farther away. (+LOS)
You can swim through water.
You cover ground slowly.
You can hop short distances.


Message History

The warg bites you but does no damage. You block the warg's attack.
You miss something.
You hear a zap.
You are blasted!
You block the warg's attack.
Evoke which item? (* to show all) (? for menu, Esc to quit)
Okay, then.
You closely miss something. The warg bites you but does no damage.
You closely miss something. You block the warg's attack.
You hear some strange, mumbled words.
A puff of frost appears from out of thin air!
The puff of frost misses you.
A gargoyle comes into view. It is wielding a -3 mace.
You barely miss something. You block the warg's attack.
You hear a zap.
You are blasted!
* * * LOW HITPOINT WARNING * * *
You block the warg's attack.
You hear a zap.
You are blasted!
You die...

#############
##...........##
###...#######.#.#####
#......# #..)###....#
#.#....###.##.#.###.#
#..#....##.###.####.####
###.#.....(........##.....
.........@##.....#.#######
.#.##..{######..#.# #..h.#
#..#.# #....... ...#..
###9..#####.#### ####
#...# #.# ...?. ..... #.#
..... #.... ... .####
##.###


You could see a warg and a gargoyle.

Vanquished Creatures
  A two-headed ogre (D:7)
  An unseen horror (D:7)
  Joseph (D:7)
  Maggie (D:6)
  Grinder (D:6)
  A hornet (D:8)
  A hungry ghost (D:8)
  A warg (D:8)
  Menkaure (D:7)
  Duvessa (D:7)
  An orc warrior (D:8)
  A sky beast (D:7)
  3 ice beasts
  3 phantoms
  2 ogres
  A crocodile (D:7)
  Blork the orc (D:6)
  A bullfrog (D:6)
  A big kobold (D:6)
  Dowan (D:7)
  3 scorpions
  5 wights
  2 howler monkeys (D:5)
  An electric eel (D:7)
  2 crimson imps
  A bullfrog zombie (D:6)
  A jelly (D:7)
  4 orc priests
  A bullfrog skeleton (D:5)
  2 centaur skeletons
  3 hounds
  4 orc wizards
  3 iguanas
  4 worker ants
  A killer bee zombie (D:7)
  8 mummies (Ossuary)
  A hound zombie (D:7)
  8 gnolls
  10 adders
  2 shadow imps
  2 oozes
  An adder zombie (D:6)
  2 worms (D:3)
  5 dart slugs
  2 leopard geckos (D:2)
  19 orcs
  4 ball pythons
  11 bats
  5 giant cockroaches
  A gnoll zombie (Ossuary)
  3 goblins
  7 hobgoblins
  5 jackals
  4 quokkas
  5 frilled lizards
  A jackal skeleton (D:7)
  9 kobolds
  6 kobold zombies (Ossuary)
  An orc zombie (Ossuary)
  A quokka skeleton (D:6)
  6 rats
191 creatures vanquished.

Notes
Turn   | Place    | Note
-------+----------+-------------------------------------------
     0 | D:1      | nyancat the Barachi Fighter began the quest for the Orb.
     0 | D:1      | Reached XP level 1. HP: 18/18 MP: 1/1
   205 | D:1      | Reached XP level 2. HP: 24/24 MP: 2/2
  1071 | D:2      | Reached XP level 3. HP: 29/29 MP: 3/3
  1871 | D:2      | Reached skill level 5 in Long Blades
  1920 | D:2      | Reached XP level 4. HP: 36/36 MP: 4/4
  2167 | D:3      | Found a shadowy altar of Dithmenos.
  2706 | D:3      | Reached XP level 5. HP: 17/41 MP: 5/5
  2940 | D:3      | Reached XP level 6. HP: 23/47 MP: 6/6
  3352 | D:3      | Found a snail-covered altar of Cheibriados.
  3448 | D:4      | Found a staircase to the Ecumenical Temple.
  3472 | Temple   | Entered the Ecumenical Temple
  4713 | D:5      | Entered Level 5 of the Dungeon
  4713 | D:5      | Found a white marble altar of Elyvilon.
  4760 | D:5      | Found a sand-covered staircase.
  4764 | D:5      | Found a shimmering altar of Xom.
  4764 | D:5      | Found a burning altar of Makhleb.
  4790 | D:5      | Reached XP level 7. HP: 32/52 MP: 7/7
  4955 | Ossuary  | Entered an ossuary
  5031 | Ossuary  | Reached skill level 5 in Shields
  5761 | D:5      | Found a shimmering blue altar of Sif Muna.
  5761 | D:5      | Found Kon Rior's Magic Scroll Shoppe.
  5802 | D:5      | Reached XP level 8. HP: 41/59 MP: 8/8
  6002 | D:5      | Found a shattered altar of Ashenzari.
  6195 | D:5      | Bought a scroll of remove curse for 30 gold pieces
  6195 | D:5      | Bought a scroll of identify for 20 gold pieces
  6195 | D:5      | Bought a scroll of teleportation for 30 gold pieces
  6195 | D:5      | Bought a scroll of enchant weapon for 75 gold pieces
  6216 | D:6      | Noticed Blork the orc
  6227 | D:6      | Killed Blork the orc
  6293 | D:6      | Noticed Grinder
  6304 | D:6      | Paralysed by Grinder for 5 turns
  6312 | D:6      | Killed Grinder
  6312 | D:6      | Reached skill level 5 in Fighting
  6919 | D:6      | Found a sacrificial altar of Ru.
  6919 | D:6      | Noticed Maggie
  7053 | D:6      | Reached XP level 9. HP: 28/74 MP: 9/9
  7597 | D:6      | HP: 3/74 [Maggie/bolt of fire (21)]
  7598 | D:6      | Killed Maggie
  7601 | D:6      | HP: 1/74 [ooze (3)]
  8286 | D:7      | Noticed Duvessa
  8287 | D:7      | Noticed Dowan
  8308 | D:7      | Killed Duvessa
  8320 | D:7      | Killed Dowan
  8537 | D:7      | Noticed Joseph
  8560 | D:7      | Killed Joseph
  8576 | D:7      | Found a sparkling altar of Nemelex Xobeh.
  8578 | D:7      | Found a radiant altar of Vehumet.
  8579 | D:7      | Found a hazy altar of Hepliaklqana.
  8579 | D:7      | Found a bloodstained altar of Trog.
  8580 | D:7      | Noticed Menkaure
  8592 | D:7      | Killed Menkaure
  8593 | D:7      | Found an opulent altar of Gozag.
  8593 | D:7      | Found a glowing golden altar of the Shining One.
  8610 | D:7      | Became a worshipper of Gozag Ym Sagoz the Greedy
  9093 | D:7      | Found Ohihon's Magic Scroll Boutique.
  9172 | D:7      | Noticed a two-headed ogre
  9233 | D:7      | Killed a two-headed ogre
  9233 | D:7      | Reached XP level 10. HP: 62/80 MP: 11/14
  9897 | D:7      | Killed an unseen horror
 11138 | D:8      | Reached skill level 1 in Throwing
 11341 | D:8      | Noticed a gargoyle
 11342 | D:8      | HP: 2/80 [disintegration (28)]
 11343 | D:8      | Blown up by an orc wizard

Illustrated notes

Levels and vault maps discovered:
D:1:      dpeg_arrival_water_fire, layout_loops_ring
D:2:      layout_basic, minmay_distorted
D:3:      layout_rooms, lemuel_coloured_pillars_altar, serial_bayou,
          serial_bayou_pond_d, serial_bayou_pond_e, serial_bayou_crossing,
          serial_bayou_pond_b, nicolae_dithmenos_shadow_blocks
D:4:      layout_gridville, minmay_temple_entry_grid, first_ration, st_stairs_3
D:5:      layout_basic, grunt_temple_overflow_champion_of_chaos,
          overflow_temple_1_default, overflow_temple_1_default,
          nicolae_ashenzari_panopticon, enter_ossuary_1, serial_shops, shop
D:6:      layout_basic, lemuel_round_altar, uniq_blork_the_orc, uniq_grinder,
          uniq_maggie
D:7:      cheibrodos_two_vegetables, layout_loops_ring,
          minmay_overflow_temple_hex, serial_shops, shop, uniq_menkaure,
          uniq_duvessa, uniq_joseph
D:8:      layout_loops_ring, erik_lair_orcish_takeover
Temple:   compressed_dpeg_triangle_lava_temple

Skill      XL: |  1  2  3  4  5  6  7  8  9 10 |
---------------+-------------------------------+-----
Long Blades    | 3 4 5 6 7 8 9 |  9.0
Shields        | 4 7 8 9 |  9.0
Fighting       | 8 |  8.3
Evocations     | 6 7 |  7.5
Armour         | 7 8 |  8.7
Throwing       | 1 |  1.4

Action                   |  1- 3 |  4- 6 |  7- 9 | 10-12 || total
-------------------------+-------+-------+-------+-------++-------
Melee: Long sword        |   106 |   207 |   371 |   174 ||   858
       Short sword       |       |       |     5 |    54 ||    59
Throw: Dart              |       |       |    21 |     6 ||    27
       Boomerang         |       |       |     6 |       ||     6
Invok: Potion Petition   |       |       |       |     1 ||     1
 Abil: Hop               |       |       |     4 |     1 ||     5
Evoke: Wand              |       |     2 |    20 |    11 ||    33
  Use: Potion            |       |     5 |     2 |     1 ||     8
       Scroll            |       |     2 |    10 |     3 ||    15
 Stab: Paralysed         |       |       |    11 |     7 ||    18
  Eat: Chunk             |     4 |     9 |     8 |       ||    21
       Ration            |       |       |     3 |     2 ||     5
Armor: Scale mail        |    49 |    63 |    10 |    77 ||   199
       Ring mail         |       |    14 |    78 |       ||    92
       Steam dragon scal |       |       |     6 |       ||     6
Dodge: Dodged            |    28 |    53 |   118 |    50 ||   249
Block: Kite shield       |    50 |   108 |   191 |   108 ||   457
       Rpst.: Long sword |     7 |    14 |    26 |    14 ||    61
